 Dungeon Crawl Stone Soup version 0.31.0-11-ge490571c62 (webtiles) character file.

Game seed: 8246017630984383088

93 Melum the Ruffian (level 4, 0/34 HPs)
             Began as a Djinni Shapeshifter on Jan 31, 2024.
             Slain by an orc
             ... wielding a +0 club
              (2 damage)
             ... on level 5 of the Dungeon.
             The game lasted 00:10:56 (1642 turns).

Melum the Ruffian (Djinni Shapeshifter)             Turns: 1642, Time: 00:10:57

Health: 0/34       AC:  2    Str: 15    XL:     4   Next: 91%
Gold:   70         EV: 13    Int: 11    God:
                   SH:  0    Dex: 13

rFire   + +          +
                       - Unarmed
rCold   . . .        (no shield)
rNeg    . . .        a - +0 animal skin
rPois   ∞            (helmet currently unavailable)
rElec   +            (cloak currently unavailable)
rCorr   +            (gloves currently unavailable)
SInv    .            (boots unavailable)
Will    +....        (no amulet)
Stlth   +            (no ring)
HPRegen 0.25/turn    (no ring)
MPRegen 0.00/turn

%: infuse magic (-1 HP)
@: beast-form, resistant, enlightened, flying
A: beast (slay +1), flying, sickness immunity, fire resistance 2, cold
vulnerability 1, float, innate caster, HP casting, extra vitality 1
a: Begin Untransformation


You were on level 5 of the Dungeon.
You were a hulking beast.
You visited 1 branch of the dungeon, and saw 5 of its levels.

You collected 70 gold pieces.

Inventory:

Hand Weapons
 e - a +0 hand axe
 p - a +0 hand axe of flaming
Missiles
 k - 5 poisoned darts (quivered)
Armour
 a - a +0 animal skin (worn)
 g - a +0 helmet
Talismans
 c - a beast talisman (active)
 d - a flux talisman
Scrolls
 f - a scroll of immolation {unknown}
 h - 2 scrolls of teleportation
 i - a scroll of fear {unknown}
 m - a scroll of fog {unknown}
 n - a scroll of revelation {unknown}
 o - a scroll of identify {unknown}
Potions
 b - 2 potions of lignification


   Skills:
 + Level 2.5 Fighting
 + Level 3.4 Dodging
 + Level 3.8 Unarmed Combat
 - Level 2.6 Shapeshifting


You knew the following spells:

 Your Spells              Type           Power      Damage    Failure   Level
a - Foxfire               Conj/Fire      0%         2x1d4     34%         1
Your spell library was empty.

Dungeon Overview and Level Annotations

Branches:
Dungeon (6/15)
 Temple: D:4-7

Altars:
Xom

Shops:
D:6 (

Annotations:
D:2 1 runed translucent door, exclusion: door, Crazy Yiuf


Innate Abilities, Weirdness & Mutations

You are a hulking beast.
Your limbs bulge with bestial killing power. (Slay +1)
You are flying.
You are immune to sickness and miasma.
You are immune to poison.
Your flesh is very heat resistant. (rF++)
You are vulnerable to cold. (rC-)
You float through the air rather than walking.
You learn spells naturally, not from books.
Your magical power is your life essence.
You have superior vitality. (+4 MHP)


Message History

The ufetubus hits you.
* * * LOW HITPOINT WARNING * * *
The ufetubus closely misses you. The ufetubus hits you.
* * * LOW HITPOINT WARNING * * *
You closely miss the ufetubus. The ufetubus barely misses you. x2
The ufetubus hits you.
* * * LOW HITPOINT WARNING * * *
The ufetubus hits you.
* * * LOW HITPOINT WARNING * * *
An iguana comes into view.
Found a shimmering altar of Xom.
The ufetubus misses you. The ufetubus hits you.
* * * LOW HITPOINT WARNING * * *
The ufetubus hits you.
* * * LOW HITPOINT WARNING * * *
The ufetubus closely misses you. The orc attacks as it pursues you!
The orc barely misses you.
There is a stone staircase leading up here.
It was a potion of resistance.
You feel protected. The ufetubus misses you. The ufetubus closely misses you.
The orc hits you but does no damage. The ufetubus hits you.
* * * LOW HITPOINT WARNING * * *
The ufetubus hits you but does no damage.
The ufetubus closely misses you. The ufetubus barely misses you.
The orc hits you with a +0 club.
* * * LOW HITPOINT WARNING * * *
You fly upwards.
The hound barks!
Found a quarterstaff and 10 gold pieces.
Found a stone staircase leading up and a stone staircase leading down.
There is a stone staircase leading down here.
Okay, then.
It was a potion of enlightenment.
You feel more buoyant. The ufetubus misses you.
The ufetubus hits you but does no damage.
The orc hits you with a +0 club.
You die...

#>..
.h.#
#..#
..##
<..#
#..#
#.##..#
#...h.#
###o5)#
#...#
#...#
#.$.#
....#
.....
####.#


You could see a hound, an ufetubus and an orc.

Vanquished Creatures
  4 adders
  2 ribbon worms
  An orc (D:3)
  5 endoplasms
  2 giant cockroaches
  3 goblins
  6 hobgoblins
  2 jackals (D:1)
  3 quokkas
  7 ball pythons
  6 frilled lizards
  4 kobolds
  5 rats
50 creatures vanquished.

Vanquished Creatures (others)
  14 foxfires
14 creatures vanquished.

Grand Total: 64 creatures vanquished

Notes
Turn   | Place    | Note
-------+----------+-------------------------------------------
     0 | D:1      | Melum the Djinni Shapeshifter began the quest for the Orb.
     0 | D:1      | Reached XP level 1. HP: 17/17 MP: 0/0
   111 | D:1      | Reached XP level 2. HP: 22/22 MP: 0/0
   392 | D:1      | Reached XP level 3. HP: 12/28 MP: 0/0
   392 | D:1      | Learned a level 1 spell: Foxfire
   859 | D:2      | Reached XP level 4. HP: 33/33 MP: 0/0
  1343 | D:2      | Found a runed translucent door.
  1344 | D:2      | Noticed Crazy Yiuf
  1467 | D:3      | You are sucked into a shaft and drop 3 floors!
  1502 | D:6      | Noticed a wight
  1502 | D:6      | Noticed a wight
  1529 | D:6      | Found Ikkuugy's Weapon Shoppe.
  1578 | D:6      | Noticed a wraith
  1638 | D:6      | Found a shimmering altar of Xom.
  1641 | D:5      | Entered Level 5 of the Dungeon
  1642 | D:5      | Slain by an orc

Illustrated notes

Levels and vault maps discovered:
D:1:      tarquinn_simple_flora_water_a, layout_rooms
D:2:      layout_basic, uniq_crazy_yiuf_cottage
D:3:      layout_rooms, ebering_ecumenical_altar_hall,
          chequers_serial_rivers_marsh, uniq_natasha
D:5:      layout_loops_ring, elyvilon_altar_1, nicolae_uskayaw_en_pointe,
          kennysheep_nondescript
D:6:      layout_rooms, okawaru_gym_becter, minmay_temple_entry_waves,
          hangedman_feature_mirror, nicolae_inconvenience_store,
          nrook_mini_vaults

Skill      XL: |  1  2  3 |
---------------+----------+-----
Fighting       | 2 |  2.5
Dodging        | 3 |  3.4
Unarmed Combat | |  3.8
Shapeshifting  | |  2.6

Action                     |  1- 3 |  4- 6 || total
---------------------------+-------+-------++-------
  Melee: Unarmed           |    79 |    69 ||   148
         Punch             |     1 |     3 ||     4
   Cast: Foxfire           |     4 |     4 ||     8
    Use: Potion            |       |     2 ||     2
         Scroll            |       |     1 ||     1
   Stab: Sleeping          |     1 |     1 ||     2
 Armour: Animal skin       |    38 |    52 ||    90
  Dodge: Dodged            |    43 |    64 ||   107
   Form: Beast             |     1 |       ||     1
